 Dungeon Crawl Stone Soup version 0.22-a0-136-g83a10e5 (webtiles) character file.

674291 theanonym the Slayer (level 27, -21/242 HPs)
             Began as a Mummy Berserker on Feb 1, 2018.
             Was a High Priest of Trog.
             Demolished by an iron troll (22 damage)
             ... summoned by the player character
             ... while paralysed by a floating eye
             ... on level 5 of the Pits of Slime on Feb 2, 2018.
             The game lasted 03:38:13 (87457 turns).

theanonym the Slayer (Mummy Berserker)             Turns: 87457, Time: 03:38:13

Health: -21/242    AC: 33    Str: 34      XL:     27
Magic:  0/30       EV:  2    Int:  7 (8)  God:    Trog [*****.]
Gold:   406        SH:  0    Dex: 16      Spells: 26/26 levels left

rFire    + . .     SeeInvis .   a - +9 broad axe (elec)
rCold    + + .     Gourm    .   h - +0 shield
rNeg     + + +     Faith    .   U - +12 gold dragon scales {23 rF+ rC+ rPois}
rPois    ∞         Spirit   +   p - +1 hat
rElec    .         Reflect  .   G - scarf {Spirit}
rCorr    +         Harm     .   x - +1 pair of gloves {Str+3}
MR       +++++                  E - +1 pair of boots
Stlth    ..........             e - amulet of regeneration {Regen+}
HPRegen  1.90/turn              m - ring of resist corrosion {rCorr}
MPRegen  0.22/turn              A - ring "Zautaof" {rF+ Dex+4}

@: paralysed, corroded, very slightly contaminated, regenerating
A: no food or potions, fire vulnerability, cold resistance 1, negative energy
resistance 3, torment resistance, unbreathing, in touch with death 2
}: 4/15 runes: serpentine, barnacled, silver, abyssal
a: Trog's Hand, Brothers in Arms, Burn Spellbooks, Renounce Religion


Innate Abilities, Weirdness & Mutations

You do not eat or drink.
Your flesh is vulnerable to fire.
You are immune to poison.
Your flesh is cold resistant. (rC+)
You are immune to negative energy. (rN+++)
You are immune to unholy pain and torment.
You can survive without breathing.
You are strongly in touch with the powers of death.


   Skills:
 - Level 25.0 Fighting
 - Level 16.1(18.0) Axes
 - Level 13.9(16.8) Maces & Flails
 - Level 20.0 Armour
 + Level 16.9 Dodging
 - Level 15.1 Shields
 + Level 9.9 Evocations


You had 26 spell levels left.
You didn't know any spells.

Skill      XL: |  1  2  3  4  5  6  7  8  9 10 11 12 13 14 15 16 17 18 19 20 21 22 23 24 25 26 27 |
---------------+----------------------------------------------------------------------------------+-----
Axes           | 3 4 5 6 8 10 11 12 13 14 15 16 | 16.1
Fighting       | 4 5 6 7 8 10 11 12 14 15 17 18 19 20 22 25 | 25.0
Maces & Flails | 4 8 10 13 | 13.9
Armour         | 4 6 8 10 12 13 14 15 16 17 18 20 | 20.0
Shields        | 1 5 8 10 13 15 | 15.1
Dodging        | 2 7 10 11 13 14 15 16 | 16.9
Evocations     | 3 9 |  9.9

Action                   |  1- 3 |  4- 6 |  7- 9 | 10-12 | 13-15 | 16-18 | 19-21 | 22-24 | 25-27 || total
-------------------------+-------+-------+-------+-------+-------+-------+-------+-------+-------++-------
Melee: Hand axe          |   129 |   389 |   560 |   370 |       |       |       |       |       ||  1448
       War axe           |       |       |       |   138 |    87 |       |       |       |       ||   225
       Morningstar       |       |       |       |   386 |   751 |       |       |       |       ||  1137
       Broad axe         |       |       |       |       |   408 |  1381 |  1587 |  1800 |  2196 ||  7372
       Flail             |       |       |       |       |    36 |    32 |       |     9 |       ||    77
       Staff             |       |       |       |       |       |       |       |    26 |    26 ||    52
Throw: Throwing net      |       |       |       |       |     2 |     6 |     2 |     1 |       ||    11
Invok: Trog's Hand       |       |     5 |     7 |     5 |    25 |    22 |    18 |    32 |    37 ||   151
       Brothers in Arms  |       |       |       |     2 |    14 |    13 |     5 |    12 |     9 ||    55
       Burn Spellbooks   |       |       |       |     2 |     3 |     4 |     3 |     8 |     4 ||    24
Evoke: Wand              |       |       |       |    27 |    41 |    18 |     8 |    11 |       ||   105
       Phial of floods   |       |       |       |     1 |     4 |     2 |     1 |       |       ||     8
       Lightning rod     |       |       |       |       |     9 |     8 |     6 |     4 |       ||    27
       Phantom mirror    |       |       |       |       |       |     1 |       |       |       ||     1
       Box of beasts     |       |       |       |       |       |     1 |       |       |       ||     1
       Fan of gales      |       |       |       |       |       |       |       |       |     1 ||     1
       Lamp of fire      |       |       |       |       |       |       |       |       |     1 ||     1
  Use: Scroll            |       |     5 |     4 |     9 |    16 |    20 |     5 |    10 |    42 ||   111
 Stab: Confused          |       |       |       |       |     6 |       |       |       |       ||     6
       Distracted        |       |       |       |       |     2 |     1 |     1 |     2 |     3 ||     9
       Held in net/web   |       |       |       |       |       |       |     2 |     1 |       ||     3
       Petrified         |       |       |       |       |       |       |       |       |     3 ||     3
Armor: Ring mail         |    45 |     3 |       |       |       |       |       |       |       ||    48
       Animal skin       |     1 |       |       |       |       |       |       |       |       ||     1
       Chain mail        |       |   216 |   250 |    26 |       |       |       |       |       ||   492
       Plate armour      |       |       |       |   512 |   684 |    31 |       |       |       ||  1227
       Crystal plate arm |       |       |       |       |       |   734 |   488 |   660 |     8 ||  1890
       Gold dragon scale |       |       |       |       |       |       |       |       |   796 ||   796
Dodge: Dodged            |    94 |    93 |    83 |   185 |   256 |   192 |   219 |   536 |   815 ||  2473
Block: Shield            |       |   148 |   179 |   385 |   557 |   902 |   859 |  1253 |  1300 ||  5583
       Reflection        |       |       |       |       |       |    72 |    81 |    69 |    13 ||   235

Inventory:

Hand Weapons
 a - a +9 broad axe of electrocution (weapon)
   (You took it off a meliai on level 14 of the Dungeon)
 b - a +5 antimagic broad axe {god gift, MP-66%}
   (Trog gifted it to you on level 3 of the Vaults)
 H - the +7 sceptre of Torment
   (You found it on level 2 of the Depths)
 M - the +2 flail of the Apocalypse {god gift, antimagic, rElec, MP-66%}
   (Trog gifted it to you on level 2 of the Orcish Mines)

   It reduces the magical energy of the wielder, and disrupts the spells and
   magical abilities of those hit.
   Natural abilities and divine invocations are not affected.
   It insulates you from electricity.
Armour
 h - a +0 shield (worn)
   (You took it off a hobgoblin on level 2 of the Dungeon)
 p - a +1 hat (worn)
   (You found it on level 2 of the Snake Pit)
 x - a +1 pair of gloves of strength (worn)
   (You found it on level 9 of the Dungeon)
 E - a +1 pair of boots (worn)
   (You found it on level 2 of the Shoals)
 G - a scarf of spirit shield (worn)
   (You found it on level 2 of the Depths)
 U - +12 gold dragon scales (worn) {23 rF+ rC+ rPois}
   (You found it on level 4 of the Depths)
Jewellery
 c - the ring of Intercession {rC+ Int+3 Dex+4}
   (You took it off a deep elf elementalist on level 3 of the Elven Halls)

   [ring of protection from cold]

   It affects your intelligence (+3).
   It affects your dexterity (+4).
   It protects you from cold.
 e - an amulet of regeneration (around neck) {Regen+}
   (You acquired it on level 5 of the Vaults)
 g - the ring "Bufoecleist" {rCorr rF+ rC- Str+4 Stlth+}
   (You found it on level 2 of the Vaults)

   [ring of resist corrosion]

   It affects your strength (+4).
   It protects you from fire.
   It makes you vulnerable to cold.
   It makes you more stealthy.
 k - the ring of Uppuo {rPois rF+ Int+3 Dex+2}
   (You took it off a deep elf annihilator on level 3 of the Elven Halls)

   [ring of intelligence]

   It affects your intelligence (+3).
   It affects your dexterity (+2).
   It protects you from fire.
   It protects you from poison.
 l - the ring of Xom's Flight of Fancy {rF+ rC- rN+ Str+4 Int+6}
   (You found it on level 1 of the Depths)

   [ring of protection from fire]

   It affects your strength (+4).
   It affects your intelligence (+6).
   It protects you from fire.
   It makes you vulnerable to cold.
   It protects you from negative energy.
 m - a ring of resist corrosion (left hand) {rCorr}
   (You found it on level 6 of the Dungeon)
 A - the ring "Zautaof" (right hand) {rF+ Dex+4}
   (You found it on level 6 of the Dungeon)

   [ring of dexterity]

   It affects your dexterity (+4).
   It protects you from fire.
 I - an uncursed ring of see invisible {SInv}
   (You found it on level 2 of the Vaults)
Wands
 d - a wand of digging (21)
   (You found it on level 2 of the Elven Halls)
 v - a wand of acid (6)
   (You bought it in a shop on level 12 of the Dungeon)
Scrolls
 f - 6 scrolls of fog
 i - 6 scrolls of immolation
 n - 25 scrolls of remove curse
 r - 21 scrolls of identify
 s - a scroll of silence
 t - 19 scrolls of teleportation {!r}
 y - 8 scrolls of magic mapping
 B - 3 scrolls of blinking
 K - 5 scrolls of summoning
 O - 2 scrolls of torment
 S - 3 scrolls of fear
Books
 q - a Young Poisoner's Handbook
   (You bought it in a shop on level 5 of the Vaults)
 u - a book of Necromancy
   (You bought it in a shop on level 5 of the Vaults)
 F - a book of Changes
   (You bought it in a shop on level 5 of the Vaults)
 R - a book of Cantrips
   (You bought it in a shop on level 5 of the Vaults)
 T - a book of Geomancy
   (You bought it in a shop on level 5 of the Vaults)
Miscellaneous
 j - a phial of floods
   (You found it on level 9 of the Dungeon)
 o - 6 phantom mirrors
 z - a fan of gales
   (You found it on level 3 of the Elven Halls)
 C - a lamp of fire
   (You found it on level 1 of the Depths)
 D - a lightning rod (4/4)
   (You found it on level 3 of the Lair of Beasts)
 N - 3 boxes of beasts


You were on level 5 of the Pits of Slime.
You worshipped Trog.
Trog was extremely pleased with you.
You were not hungry.

You visited 10 branches of the dungeon, and saw 52 of its levels.
You visited the Abyss 1 time.
You also visited: Sewer, Ossuary and Wizlab.

You collected 9495 gold pieces.
You spent 9089 gold pieces at shops.

Dungeon Overview and Level Annotations

Branches:
Dungeon (15/15)            Temple (0/1) D:7            Lair (6/6) D:11
 Shoals (4/4) Lair:4        Snake (4/4) Lair:2        Slime (5/5) Lair:6
    Orc (2/2) D:9             Elf (3/3) Orc:2        Vaults (5/5) D:14
  Crypt (3/3) Vaults:3       Tomb (0/3) Crypt:3      Depths (5/5) D:15
    Zot (0/5) Depths:5

Altars:
Cheibriados
Dithmenos
Fedhas
Hepliaklqana
Kikubaaqudgha
Nemelex Xobeh
Sif Muna
Trog
Vehumet
Xom
Yredelemnul
Beogh

Shops:
D:5 }:?(   D:8 !   D:11 %   D:12 }   Orc:1 [   Orc:2 }((*!   Elf:1 !
Elf:2 =?((   Snake:2 *   Snake:4 ?[[   Vaults:1 (   Vaults:2 *   Vaults:3 *
Vaults:4 !   Vaults:5 :%%?}!?=   Depths:4 }==

Portals:
Hell: Depths:1 Depths:2 Depths:3 Depths:4 Depths:5
Abyss: Depths:1 Depths:2 Depths:4
Pandemonium: Depths:1 Depths:3
Ziggurat: Depths:4

### ## ##.####
##.####...#.##
#.#....#.....#
#...JJ.......## ####
....J.<.JJ...§###§§.#
....J.J.JJ.O§§§J§§§.###
......J.J..T.§JJ@§....#
.............J§TJ.....#
............§§.........#
........................
........................
........................
................G.......
.................G......
..............


You could see 3 acid blobs, an iron troll (berserk), an azure jelly, 2 shining
eyes and a death ooze.

Notes
Turn   | Place    | Note
-------+----------+-------------------------------------------
     0 | D:1      | theanonym the Mummy Berserker began the quest for the Orb.
     0 | D:1      | Reached XP level 1. HP: 18/18 MP: 1/1
    28 | D:1      | HP: 9/18 [hobgoblin (1)]
   452 | D:1      | Reached XP level 2. HP: 23/24 MP: 2/2
   767 | D:1      | Reached skill level 3 in Axes
  1055 | D:1      | Reached XP level 3. HP: 24/29 MP: 3/3
  1321 | D:2      | HP: 13/29 [worm (9)]
  1523 | D:2      | Found a bloodstained altar of Trog.
  1540 | D:2      | Reached ** piety under Trog
  1549 | D:2      | Reached XP level 4. HP: 37/37 MP: 4/4
  2222 | D:3      | Reached skill level 4 in Fighting
  2222 | D:3      | Reached skill level 4 in Axes
  2222 | D:3      | Reached XP level 5. HP: 33/42 MP: 3/5
  3203 | D:4      | Noticed Blork the orc
  3234 | D:4      | HP: 15/43 [Blork the orc/glaive (8)]
  3235 | D:4      | Killed Blork the orc
  3235 | D:4      | Reached XP level 6. HP: 17/49 MP: 2/6
  3308 | D:4      | Reached skill level 5 in Axes
  3432 | D:4      | Reached skill level 5 in Fighting
  3461 | D:4      | Reached *** piety under Trog
  3512 | D:4      | Found a glowing drain.
  3516 | Sewer    | Entered a sewer
  3584 | Sewer    | Reached XP level 7. HP: 32/56 MP: 7/7
  3975 | D:4      | Reached skill level 6 in Axes
  4119 | D:4      | Noticed Grinder
  4140 | D:4      | Killed Grinder
  4492 | D:5      | Entered Level 5 of the Dungeon
  4492 | D:5      | Found Fug Nues's Book Emporium.
  4502 | D:5      | Reached skill level 6 in Fighting
  4518 | D:5      | Reached XP level 8. HP: 43/64 MP: 8/8
  4538 | D:5      | Reached skill level 7 in Axes
  4626 | D:5      | Found Zingo's Gadget Emporium.
  4640 | D:5      | Noticed Sigmund
  4777 | D:5      | Found a sparkling altar of Nemelex Xobeh.
  4777 | D:5      | Found a blossoming altar of Fedhas.
  4783 | D:5      | Found a deep blue altar of Sif Muna.
  4785 | D:5      | Found a faded altar of an unknown god.
  4787 | D:5      | Found a snail-covered altar of Cheibriados.
  5116 | D:5      | Killed Sigmund
  5132 | D:5      | Found Ulass's Antique Weapon Emporium.
  5175 | D:5      | Reached skill level 7 in Fighting
  5175 | D:5      | Reached skill level 8 in Axes
  5185 | D:5      | Found Zoth's Magic Scroll Boutique.
  5296 | D:5      | Noticed Menkaure
  5303 | D:5      | Killed Menkaure
  5408 | D:6      | Reached XP level 9. HP: 52/72 MP: 9/9
  5795 | D:6      | Noticed Eustachio
  5808 | D:6      | Killed Eustachio
  5822 | D:6      | Reached skill level 9 in Axes
  5915 | D:6      | Reached skill level 8 in Fighting
  5918 | D:6      | Identified the ring "Zautaof" {rF+ Dex+4} (You found it on level 6 of the Dungeon)
  5947 | D:6      | Reached **** piety under Trog
  6048 | D:6      | Noticed Pikel
  6094 | D:6      | Killed Pikel
  6303 | D:6      | Noticed zero's ghost (novice SpEn)
  6427 | D:6      | Killed zero's ghost
  6537 | D:6      | Reached skill level 10 in Axes
  6927 | D:7      | Reached XP level 10. HP: 73/82 MP: 10/10
  6943 | D:7      | Reached skill level 9 in Fighting
  7151 | D:7      | Found a radiant altar of Vehumet.
  7151 | D:7      | Found a basalt altar of Yredelemnul.
  7152 | D:7      | Found a shadowy altar of Dithmenos.
  7240 | D:7      | Found a staircase to the Ecumenical Temple.
  7459 | D:8      | Found Yhadesh's Distillery.
  7460 | D:8      | Found a blossoming altar of Fedhas.
  7691 | D:8      | Noticed Psyche
  7707 | D:8      | Killed Psyche
  7710 | D:8      | Noticed a two-headed ogre
  7726 | D:8      | Killed a two-headed ogre
  7726 | D:8      | Reached skill level 11 in Axes
  7739 | D:8      | Found a sand-covered staircase.
  7794 | Ossuary  | Entered an ossuary
  8333 | D:8      | Found a hazy altar of Hepliaklqana.
  8334 | D:8      | Found a shimmering altar of Xom.
  8737 | D:9      | Noticed a two-headed ogre
  8745 | D:9      | Killed a two-headed ogre
  8832 | D:9      | Reached skill level 10 in Fighting
  8897 | D:9      | Noticed a two-headed ogre
  8910 | D:9      | Killed a two-headed ogre
  9120 | D:9      | Reached XP level 11. HP: 63/91 MP: 11/11
  9425 | D:9      | Reached ***** piety under Trog
  9505 | D:9      | Found a staircase to the Orcish Mines.
  9590 | D:9      | Identified the cursed +1 chain mail "Haongai" {MR+ rCorr Int+2 Stlth-, 15} (You found it on level 9 of the Dungeon)
  9771 | D:10     | Entered Level 10 of the Dungeon
  9780 | D:10     | Reached skill level 12 in Axes
  9842 | D:10     | HP: 45/92 [ogre/giant club (12)]
 10180 | D:10     | HP: 42/92 [electric eel/bolt of electricity (9)]
 10386 | D:10     | Noticed Nergalle
 10423 | D:10     | Noticed a spectral orc warlord
 10425 | D:10     | Killed Nergalle
 10427 | D:10     | HP: 45/92 [electric eel/bolt of electricity (5)]
 10696 | D:10     | Noticed a two-headed ogre
 10706 | D:10     | Killed a two-headed ogre
 10743 | D:10     | Identified the +7 morningstar of Magnificence {crush, MR+ Int+5} (You found it on level 10 of the Dungeon)
 10860 | D:10     | Noticed a white ugly thing
 10872 | D:10     | Killed a white ugly thing
 10872 | D:10     | Reached skill level 11 in Fighting
 10872 | D:10     | Reached skill level 1 in Maces & Flails
 11344 | D:11     | Noticed a red ugly thing
 11344 | D:11     | Noticed Azzok's ghost (journeyman MiFi)
 11362 | Orc:1    | Entered Level 1 of the Orcish Mines
 11371 | D:9      | HP: 44/93 [ogre/giant club (7)]
 11633 | Orc:1    | Found Biwocwatz's Armour Emporium.
 11807 | Orc:1    | Noticed an orc sorcerer
 11831 | Orc:1    | HP: 45/93 [warg[an orc warlord] (3)]
 11833 | Orc:1    | Noticed Snorg
 11833 | Orc:1    | Reached skill level 2 in Maces & Flails
 11834 | Orc:1    | HP: 21/93 [ynoxinul[an orc sorcerer] (3)]
 11839 | Orc:1    | Noticed a soul eater
 12120 | D:9      | Iwannabefree: !stalk theanonym
 12133 | D:11     | Noticed a white ugly thing
 12134 | D:11     | beem: theanonym the L11 MuBe^Trog in D:9 (cxc tiles), T:11367, defenses: 15/5/8, stats: 28/11/15
 12150 | D:10     | Killed a white ugly thing
 12275 | D:11     | Iwannabefree: 28 str
 12278 | D:11     | Iwannabefree: ebanutsa
 12298 | D:11     | Reached skill level 3 in Maces & Flails
 12323 | D:11     | Iwannabefree: нацс тебе ебало бьют лол
 12323 | D:11     | theanonym: Базовая сила
 12323 | D:11     | theanonym: А, перчатки ещё
 12380 | D:11     | Iwannabefree: ??mummy
 12380 | D:11     | beem: mummy[1/8]: When destroyed, all mummies cast a death curse. For normal mummies (i.e. 'a mummy'), this could curse items. For other mummies (e.g. 'guardian mummy'), it will be a random {necromancy miscast} effect. Regular mummies are vulnerable to fire damage. In 0.17 and up, regular mummies have no death curse.
 12382 | D:11     | Iwannabefree: u nee vrode 10 base
 12382 | D:11     | Iwannabefree: da
 12385 | D:10     | Iwannabefree: !stats mu
 12493 | D:10     | beem: Go start a mu if you want me to know its starting stats.
 12503 | D:11     | Killed a red ugly thing
 12705 | D:11     | Found Weileged's Food Emporium.
 12709 | D:11     | Iwannabefree: ti che ohuel chmo!
 12715 | D:11     | Iwannabefree: !kill beem
 12718 | D:11     | Identified the cursed +2 flail "Lifebane" {crush, rF+ Int+2} (You found it on level 11 of the Dungeon)
 12719 | D:11     | Reached skill level 4 in Maces & Flails
 12726 | D:11     | Iwannabefree: !stats mube
 12743 | D:11     | beem: Starting stats for MuBe: Str 20 Int 6 Dex 11. Stat gain: sid/5
 12987 | D:11     | Killed Azzok's ghost
 13070 | D:11     | HP: 47/94 [gargoyle/stone arrow (12)]
 13071 | D:11     | Reached XP level 12. HP: 50/100 MP: 7/12
 13299 | D:11     | Found a staircase to the Lair.
 13447 | Lair:1   | Entered Level 1 of the Lair of Beasts
 13456 | Lair:1   | Reached skill level 5 in Maces & Flails
 13580 | Lair:1   | HP: 43/102 [yak (9)]
 14710 | Lair:2   | Reached skill level 6 in Maces & Flails
 14863 | Lair:2   | Reached skill level 12 in Fighting
 14957 | Lair:2   | Noticed Erica
 14972 | Lair:2   | HP: 43/102 [black mamba (12)]
 14975 | Lair:2   | Iwannabefree: xD
 14979 | Lair:2   | Iwannabefree: интересно почему все так плохо
 14983 | Lair:2   | Iwannabefree: просто мамба ебало разбила
 14985 | Lair:2   | HP: 43/102 [something (2)]
 14986 | Lair:2   | Killed Erica
 15291 | Lair:2   | theanonym: Броню не качал
 15382 | Lair:2   | Found a staircase to the Snake Pit.
 15389 | Lair:2   | Iwannabefree: 1.1 атака
 15541 | Lair:2   | Iwannabefree: ты и масы не качал
 15662 | Lair:3   | theanonym: С топором начал
 15690 | Lair:3   | Reached skill level 7 in Maces & Flails
 16844 | Lair:4   | HP: 51/103 [blink frog (4)]
 17157 | Lair:4   | HP: 44/103 [yak (9)]
 17176 | Lair:4   | HP: 45/103 [yak (5)]
 17177 | Lair:4   | Reached skill level 8 in Maces & Flails
 17320 | Lair:4   | Noticed an eight-headed hydra
 17326 | Lair:4   | Killed an eight-headed hydra
 17364 | Lair:4   | Found a staircase to the Shoals.
 17981 | Lair:4   | theanonym: Надо как-то сделать чтобы трог дал экзек при том что топора нет
 18391 | Lair:5   | Gained mutation: You are in touch with the powers of death. [Mummy growth]
 18391 | Lair:5   | Reached XP level 13. HP: 109/109 MP: 13/13
 18394 | Lair:5   | Reached skill level 9 in Maces & Flails
 18418 | Lair:5   | Reached skill level 13 in Fighting
 18436 | Lair:5   | Received a gift from Trog
 19490 | Lair:6   | Entered Level 6 of the Lair of Beasts
 19495 | Lair:6   | Iwannabefree: зачем тебе экзек
 19549 | Lair:6   | Iwannabefree: тыж топоры никогда до 27 не поднимешь
 19576 | Lair:6   | Iwannabefree: !apt mu
 19576 | Lair:6   | beem: Mu: Fighting: 0, Short: -2*, Long: -2*, Axes: -2*, Maces: -2, Polearms: -2, Staves: -2, Slings: -2, Bows: -2, Xbows: -2, Throw: -2*, Armour: -2, Dodge: -2, Stealth: -1, Shields: -2, UC: -2*, Splcast: 2, Conj: -2, Hexes: -1, Charms: -2, Summ: -2, Nec: 0, Tloc: -2, Tmut: -2, Fire: -2, Ice: -2, Air: -2, Earth: -2, Poison: -2, Inv: -1*, Evo: -2, Exp: -1, HP: 0, MP: 0
 19838 | Lair:6   | Iwannabefree: begai s ivningom ili demonwhipom
 20022 | Lair:6   | Found a staircase to the Slime Pits.
 20025 | Lair:6   | HP: 23/111 [disintegration (40)]
 20404 | Lair:6   | HP: 52/111 [yak (7)]
 20580 | Lair:6   | HP: 53/111 [yak (9)]
 20581 | Lair:6   | Reached skill level 13 in Axes
 21026 | Lair:6   | HP: 47/111 [raiju/living lightning (12)]
 21031 | Lair:6   | HP: 32/111 [hell hound (2)]
 21197 | Lair:6   | Received a gift from Trog
 21383 | Lair:6   | HP: 50/112 [polar bear (18)]
 21390 | Lair:6   | HP: 38/112 [polar bear (4)]
 21410 | Lair:6   | HP: 40/112 [polar bear (3)]
 21641 | Lair:6   | HP: 48/112 [seven-headed hydra (9)]
 21820 | Lair:6   | Reached skill level 14 in Fighting
 22452 | Orc:1    | Killed Snorg
 22452 | Orc:1    | Reached skill level 10 in Maces & Flails
 22487 | Orc:1    | Noticed an orc warlord
 22508 | Orc:1    | Killed an orc warlord
 22508 | Orc:1    | Reached XP level 14. HP: 104/120 MP: 14/14
 22771 | Orc:2    | Entered Level 2 of the Orcish Mines
 22784 | Orc:2    | Received a gift from Trog
 22885 | Orc:2    | HP: 35/120 [ettin/dire flail (35)]
 22885 | Orc:2    | HP: 1/120 [ettin/dire flail (34)]
 23289 | Orc:2    | Noticed an orc warlord
 23313 | Orc:2    | HP: 57/120 [troll[an orc warlord] (6)]
 23315 | Orc:2    | Killed an orc warlord
 23315 | Orc:2    | Reached skill level 11 in Maces & Flails
 23322 | Orc:2    | HP: 53/121 [something/magic dart[an orc warlord] (3)]
 23634 | Orc:2    | Noticed ThereIsNoGod's ghost (journeyman TrMo)
 23741 | Orc:2    | HP: 57/121 [orc high priest/divine providence (10)]
 23757 | Orc:2    | HP: 47/121 [troll[the player character] (20)]
 23766 | Orc:2    | HP: 25/121 [orc high priest/divine providence (11)]
 23778 | Orc:2    | HP: 31/121 [chaos spawn[an orc high priest] (8)]
 24139 | D:12     | Reached skill level 12 in Maces & Flails
 24162 | D:12     | Noticed Urug
 24168 | D:12     | HP: 60/121 [Urug/battleaxe of chopping (5)]
 24172 | D:12     | Killed Urug
 24484 | D:12     | Found Oxicoce's Gadget Shop.
 24880 | D:13     | Reached skill level 2 in Armour
 25697 | D:13     | HP: 45/121 [cyclops/large rock (20)]
 25924 | D:13     | HP: 54/121 [ogre/giant club (16)]
 26478 | D:13     | Reached skill level 13 in Maces & Flails
 26478 | D:13     | Reached skill level 3 in Armour
 26576 | D:13     | HP: 54/121 [skeletal warrior/long sword[a skeletal warrior] (16)]
 26611 | D:12     | HP: 55/121 [skeletal warrior/long sword[a skeletal warrior] (12)]
 27112 | D:13     | HP: 56/121 [ettin/dire flail (35)]
 27126 | D:13     | HP: 37/121 [ettin/dire flail (1)]
 27138 | D:13     | HP: 34/121 [hound (3)]
 27781 | D:14     | Reached skill level 15 in Fighting
 27859 | D:14     | Reached skill level 1 in Shields
 27999 | D:14     | HP: 55/123 [two-headed ogre/giant club (11)]
 28003 | D:14     | Reached skill level 4 in Armour
 28003 | D:14     | Reached XP level 15. HP: 51/129 MP: 5/15
 28012 | D:14     | HP: 56/129 [centaur warrior/arrow (5)]
 28018 | D:14     | HP: 37/129 [iguana (4)]
 28442 | D:14     | Reached skill level 2 in Shields
 28462 | D:14     | Found a gate to the Vaults.
 29123 | D:5      | Bought a scroll of brand weapon for 220 gold pieces
 29125 | D:5      | Bought a scroll of enchant weapon for 82 gold pieces
 29130 | D:5      | Bought a scroll of teleportation for 33 gold pieces
 29130 | D:5      | Bought a scroll of teleportation for 33 gold pieces
 29954 | D:15     | Entered Level 15 of the Dungeon
 29973 | D:15     | Reached skill level 3 in Shields
 30047 | D:15     | Noticed Rupert
 30061 | D:15     | HP: 63/129 [two-headed ogre/giant spiked club (16)]
 30068 | D:15     | HP: 32/129 [two-headed ogre/giant spiked club (20)]
 30463 | D:15     | Reached skill level 5 in Armour
 30607 | D:15     | HP: 63/129 [four-headed hydra (5)]
 30882 | D:15     | Reached skill level 14 in Axes
 31021 | D:15     | Noticed a fire giant
 31741 | Orc:2    | Received a gift from Trog
 31743 | Orc:2    | Identified the +2 flail of the Apocalypse {god gift, antimagic, rElec} (Trog gifted it to you on level 2 of the Orcish Mines)
 31875 | Orc:2    | Found Zeucw's Weapon Emporium.
 31875 | Orc:2    | Found Jodiox's Gadget Boutique.
 31901 | Orc:2    | Found a roughly hewn altar of Beogh.
 31932 | Orc:2    | Found Syqydghu's Distillery.
 31935 | Orc:2    | Found a staircase to the Elven Halls.
 32040 | Orc:2    | Found Dirphugyu's Assorted Antiques.
 32040 | Orc:2    | Found Weamihel's Antique Weapon Boutique.
 32045 | Orc:2    | Bought a large bronze ring for 115 gold pieces
 32045 | Orc:2    | Bought a phantom mirror for 690 gold pieces
 32045 | Orc:2    | Bought a scroll of magic mapping for 80 gold pieces
 32154 | Orc:2    | HP: 60/129 [ThereIsNoGod's ghost (17)]
 32167 | Orc:2    | Killed ThereIsNoGod's ghost
 32167 | Orc:2    | Reached skill level 4 in Shields
 32723 | Snake:1  | Entered Level 1 of the Snake Pit
 32785 | Snake:1  | Noticed arkorax's ghost (journeyman GnWn)
 32834 | Snake:1  | Killed arkorax's ghost
 32983 | Snake:1  | HP: 58/129 [shock serpent/electric aura (10)]
 32988 | Snake:1  | HP: 60/129 [naga/dire flail (3)]
 33223 | Snake:1  | Noticed Regeox's ghost (journeyman HOFi)
 33225 | Snake:1  | HP: 63/129 [Regeox's ghost (3)]
 33230 | Snake:1  | HP: 21/129 [Regeox's ghost (14)]
 33530 | Snake:1  | HP: 64/129 [anaconda (6)]
 33860 | Snake:1  | Killed Regeox's ghost
 33860 | Snake:1  | Reached skill level 6 in Armour
 33863 | Snake:1  | HP: 60/129 [naga sharpshooter/bolt (17)]
 34450 | Snake:1  | HP: 57/129 [shock serpent/bolt of electricity (8)]
 35004 | Snake:2  | HP: 60/129 [naga sharpshooter/bolt (14)]
 35012 | Snake:2  | HP: 32/129 [naga sharpshooter/arrow (10)]
 35015 | Snake:2  | Reached skill level 5 in Shields
 35517 | Orc:1    | Bought the cursed +0 plate armour of Isoa {Str+7} for 625 gold pieces
 35679 | Snake:1  | HP: 64/129 [mana viper (8)]
 35988 | Snake:2  | Reached XP level 16. HP: 119/136 MP: 13/16
 36278 | Snake:2  | Received a gift from Trog
 36540 | Snake:2  | Found Kinigeph's General Store.
 37892 | Snake:2  | Found Kinigeph's General Store.
 38404 | Snake:3  | Reached skill level 15 in Axes
 38404 | Snake:3  | Reached skill level 7 in Armour
 38577 | Snake:3  | Noticed Donald
 38596 | Snake:3  | Killed Donald
 38596 | Snake:3  | Reached skill level 6 in Shields
 39490 | Snake:4  | Entered Level 4 of the Snake Pit
 39814 | Snake:4  | Noticed Mara
 39839 | Snake:4  | Noticed theanonym's illusion
 39847 | Snake:4  | HP: 68/136 [black mamba (2)]
 39853 | Snake:4  | HP: 35/136 [naga warrior/halberd (13)]
 39893 | Snake:4  | HP: 67/136 [anaconda (3)]
 39899 | Snake:4  | HP: 65/136 [anaconda (3)]
 39904 | Snake:4  | Received a gift from Trog
 40322 | Snake:4  | Reached skill level 8 in Armour
 40322 | Snake:4  | Reached skill level 7 in Shields
 40375 | Snake:4  | Noticed theanonym's illusion
 40506 | Shoals:1 | Entered Level 1 of the Shoals
 41608 | Shoals:2 | HP: 68/136 [barbs]
 41859 | Shoals:2 | HP: 67/136 [barbs]
 42107 | Shoals:2 | HP: 65/136 [merfolk/trident (8)]
 42408 | Shoals:2 | HP: 65/136 [faun/sling bullet (10)]
 42413 | Shoals:2 | HP: 36/136 [water nymph/the raging water (5)]
 43104 | D:15     | Killed Rupert
 43283 | D:15     | Found a staircase to the Depths.
 43418 | D:15     | Reached skill level 8 in Shields
 43426 | D:15     | Reached XP level 17. HP: 95/142 MP: 17/17
 43741 | D:15     | Found a staircase to the Depths.
 44217 | Orc:2    | Reached skill level 9 in Armour
 44226 | Elf:1    | Entered Level 1 of the Elven Halls
 45113 | Elf:1    | Received a gift from Trog
 45416 | Elf:1    | Reached skill level 16 in Axes
 45426 | Elf:1    | Found Naip's Distillery.
 45565 | Elf:2    | Found Zail's Magic Scroll Shoppe.
 45568 | Elf:2    | Bought a scroll of silence for 75 gold pieces
 45568 | Elf:2    | Bought a scroll of fear for 35 gold pieces
 45568 | Elf:2    | Bought a scroll of fog for 20 gold pieces
 45568 | Elf:2    | Bought a scroll of teleportation for 30 gold pieces
 45603 | Elf:2    | Found Qeg Vyf's Weapon Boutique.
 45724 | Elf:2    | Found Tyipna's Jewellery Shoppe.
 45733 | Elf:2    | Bought a +4 amulet of reflection for 459 gold pieces
 46057 | Elf:2    | Reached skill level 9 in Shields
 46061 | Elf:2    | HP: 71/142 [something/shard of ice (26)]
 46087 | Elf:2    | HP: 69/142 [deep elf mage/bolt of magma (13)]
 46092 | Elf:2    | Received a gift from Trog
 46292 | Elf:2    | Found Ler Gikh's Weapon Shop.
 46471 | Elf:2    | Noticed Aizul
 46504 | Elf:2    | Killed Aizul
 46603 | Elf:2    | Found a runed gate.
 46603 | Elf:2    | Found a runed gate.
 46605 | Elf:2    | Found a runed gate.
 47200 | Shoals:2 | Reached skill level 10 in Armour
 47546 | Shoals:2 | HP: 62/142 [merfolk impaler/demon trident of draining (14)]
 48208 | Shoals:3 | Noticed Polyphemus
 48235 | Shoals:3 | HP: 61/142 [Polyphemus (30)]
 48236 | Shoals:3 | Killed Polyphemus
 48247 | Shoals:3 | Reached skill level 10 in Shields
 48255 | Shoals:3 | HP: 64/142 [death yak[Polyphemus] (3)]
 49536 | Elf:2    | Reached XP level 18. HP: 136/149 MP: 18/18
 49616 | Elf:2    | HP: 59/149 [vampiric bardiche (20)]
 49623 | Elf:2    | HP: 58/149 [short sword of holy wrath (1)]
 49645 | Elf:2    | HP: 63/149 [something (6)]
 49752 | Elf:2    | Reached skill level 11 in Armour
 49864 | Elf:2    | Received a gift from Trog
 50217 | Elf:2    | Reached skill level 11 in Shields
 50792 | Snake:4  | HP: 57/149 [naga mage/orb of energy (28)]
 50797 | Snake:4  | HP: 54/149 [naga sharpshooter/bolt (9)]
 50803 | Snake:4  | HP: 51/149 [naga sharpshooter/bolt (11)]
 50831 | Snake:4  | HP: 56/149 [naga sharpshooter/bolt (9)]
 50840 | Snake:4  | HP: 47/149 [naga mage/orb of energy (19)]
 51247 | Snake:4  | Noticed theanonym's illusion
 51263 | Snake:4  | Found Naw Yfud's Magic Scroll Emporium.
 51265 | Snake:4  | Found Ryitofe's Armour Shoppe.
 51267 | Snake:4  | Found Jijeoz's Antique Armour Emporium.
 51271 | Snake:4  | Bought a scroll of enchant weapon for 97 gold pieces
 51271 | Snake:4  | Bought a scroll of fog for 26 gold pieces
 51411 | Snake:4  | Reached skill level 12 in Shields
 51537 | Snake:4  | Killed Mara
 51866 | Snake:4  | Got a serpentine rune of Zot
 52410 | Vaults:1 | Entered Level 1 of the Vaults
 52460 | Vaults:1 | Paralysed by a sphinx for 7 turns
 52599 | Vaults:1 | Reached skill level 12 in Armour
 52599 | Vaults:1 | HP: 71/149 [deep elf knight/stone arrow[an ironheart preserver] (10)]
 52605 | Vaults:1 | Received a gift from Trog
 52611 | Vaults:1 | HP: 55/149 [yaktaur captain (6)]
 53089 | Vaults:1 | HP: 74/149 [yaktaur/bolt[a vault warden] (8)]
 53091 | Vaults:1 | HP: 32/149 [deep troll[an ironheart preserver] (8)]
 53104 | Vaults:1 | HP: 28/149 [orc knight/great sword (20)]
 53106 | Vaults:1 | HP: 4/149 [orc knight/great sword (23)]
 53155 | Vaults:1 | Reached skill level 13 in Shields
 53525 | Vaults:1 | Found Ykhlig's Weapon Emporium.
 53536 | Vaults:1 | Reached XP level 19. HP: 150/155 MP: 19/19
 53706 | Vaults:1 | HP: 76/155 [vault warden/dire flail (19)]
 53747 | Vaults:1 | HP: 76/155 [ironheart preserver/flail (17)]
 53796 | Vaults:1 | HP: 69/155 [cyclops (27)]
 53804 | Vaults:1 | HP: 62/155 [wind drake (shapeshifter)/the air[a glowing orange brain] (2)]
 53825 | Vaults:1 | HP: 66/155 [vault warden/bolt (11)]
 53848 | Vaults:1 | HP: 77/155 [vault warden/bolt (10)]
 53875 | Vaults:1 | HP: 72/155 [vault warden/uncursed halberd of chopping (14)]
 53886 | Vaults:1 | HP: 76/155 [vault guard/enchanted glaive[a vault warden] (6)]
 53892 | Vaults:1 | HP: 68/155 [vault guard/enchanted glaive[a vault warden] (14)]
 54313 | Vaults:1 | Reached skill level 14 in Shields
 54990 | Vaults:1 | Received a gift from Trog
 55205 | Vaults:2 | Reached skill level 13 in Armour
 55466 | Vaults:2 | Got a slimy brass ring
 55467 | Vaults:2 | Identified the ring "Bufoecleist" {rCorr rF+ rC- Str+4 Stlth+} (You found it on level 2 of the Vaults)
 55931 | Vaults:2 | HP: 76/155 [very large slime creature (23)]
 56064 | Vaults:2 | Received a gift from Trog
 56272 | Vaults:2 | Found Ucazxy's Assorted Antiques.
 56280 | Vaults:2 | Bought a scroll of enchant weapon for 285 gold pieces
 56280 | Vaults:2 | Bought a scroll of fog for 76 gold pieces
 56502 | Vaults:2 | Reached skill level 15 in Shields
 56532 | Vaults:2 | Reached skill level 2 in Dodging
 56560 | Vaults:2 | Reached XP level 20. HP: 130/162 MP: 20/20
 56706 | Vaults:3 | Reached skill level 3 in Dodging
 56929 | Vaults:3 | Found a staircase to the Crypt.
 56988 | Vaults:3 | Reached skill level 4 in Dodging
 56992 | Vaults:3 | Received a gift from Trog
 57001 | Vaults:3 | Identified a scroll of acquirement
 57323 | Vaults:3 | Reached skill level 14 in Armour
 57369 | Vaults:3 | Found Wuew's General Store.
 57426 | Vaults:3 | Reached skill level 5 in Dodging
 57829 | Vaults:3 | Received a gift from Trog
 57907 | Vaults:3 | Reached skill level 6 in Dodging
 58513 | Vaults:4 | Noticed Margery
 58532 | Vaults:4 | Killed Margery
 58604 | Vaults:4 | Found Zadix's Distillery.
 58805 | Vaults:4 | Reached skill level 7 in Dodging
 58836 | Vaults:4 | Reached ****** piety under Trog
 58902 | Vaults:4 | HP: 65/163 [ogre mage/crystal spear (41)]
 58905 | Vaults:4 | Received a gift from Trog
 58908 | Vaults:4 | HP: 49/163 [ironheart preserver/dire flail (11)]
 58927 | Vaults:3 | HP: 63/163 [orc knight/war axe of venom (11)]
 59180 | Vaults:3 | HP: 80/163 [death knight/enchanted broad axe (21)]
 59563 | Vaults:4 | Reached XP level 21. HP: 113/170 MP: 21/21
 59902 | Vaults:4 | Reached skill level 15 in Armour
 59909 | Vaults:4 | Received a gift from Trog
 60193 | Vaults:4 | Reached skill level 8 in Dodging
 60350 | Vaults:4 | Reached skill level 16 in Fighting
 61632 | Crypt:1  | Entered Level 1 of the Crypt
 62152 | Crypt:1  | Received a gift from Trog
 62317 | Crypt:2  | Reached skill level 9 in Dodging
 62484 | Crypt:2  | HP: 79/172 [skeletal warrior/glaive of venom[a skeletal warrior] (11)]
 62495 | Crypt:2  | HP: 79/172 [skeletal warrior/glaive[a skeletal warrior] (11)]
 62508 | Crypt:2  | HP: 85/172 [dream sheep zombie (5)]
 63355 | Crypt:3  | Entered Level 3 of the Crypt
 63389 | Crypt:3  | Received a gift from Trog
 63472 | Crypt:3  | Reached skill level 17 in Fighting
 63545 | Crypt:3  | Reached skill level 10 in Dodging
 63549 | Crypt:3  | Reached XP level 22. HP: 181/181 MP: 22/22
 63707 | Crypt:3  | Reached skill level 16 in Armour
 63712 | Crypt:3  | Paralysed by a vampire knight for 4 turns
 63715 | Crypt:3  | HP: 84/181 [vampire knight/enchanted great mace (16)]
 63720 | Crypt:3  | HP: 51/181 [vampire knight/enchanted great mace (24)]
 63724 | Crypt:3  | HP: 24/181 [vampire knight/great sword (15)]
 64130 | Crypt:3  | Received a gift from Trog
 64250 | Crypt:3  | Found an ancient bone altar of Kikubaaqudgha.
 64968 | Crypt:3  | Noticed Sojobo
 64986 | Crypt:3  | HP: 90/182 [tengu reaver/bolt of lightning[Sojobo] (24)]
 64994 | Crypt:3  | HP: 61/182 [Sojobo/the air (3)]
 64999 | Crypt:3  | Killed Sojobo
 65016 | Crypt:3  | HP: 69/182 [meliai zombie (3)]
 65017 | Crypt:3  | Received a gift from Trog
 65639 | Crypt:3  | Found a staircase to the Tomb.
 66054 | Shoals:4 | Entered Level 4 of the Shoals
 66171 | Shoals:4 | Reached skill level 11 in Dodging
 66328 | Shoals:4 | Noticed Ilsuiw
 66350 | Shoals:4 | Killed Ilsuiw
 66645 | Shoals:4 | HP: 89/183 [merfolk impaler/demon trident of flaming (6)]
 66863 | Shoals:4 | Got a barnacled rune of Zot
 67141 | Shoals:4 | Got a steaming pewter ring
 67142 | Shoals:4 | Identified the ring "Unloddud" {*Tele rF- Str+2 Int+3} (You found it on level 4 of the Shoals)
 67524 | Elf:3    | Entered Level 3 of the Elven Halls
 67527 | Elf:3    | Reached skill level 18 in Fighting
 68129 | Elf:3    | Noticed Louise
 68143 | Elf:3    | Killed Louise
 68447 | Elf:3    | Upgraded the game from 0.22-a0-135-g6f012ad to 0.22-a0-136-g83a10e5
 68516 | Elf:3    | Reached XP level 23. HP: 135/190 MP: 23/23
 68705 | Elf:3    | Reached skill level 17 in Armour
 68919 | Elf:3    | Received a gift from Trog
 68919 | Elf:3    | Reached skill level 12 in Dodging
 68995 | Elf:3    | Got a smoking turquoise ring
 69043 | Elf:3    | Identified the ring of Intercession {rC+ Int+3 Dex+4} (You took it off a deep elf elementalist on level 3 of the Elven Halls)
 69105 | Elf:3    | Got a crude platinum ring
 69142 | Elf:3    | Identified the Volume of Snow and Lightness
 69568 | Depths:1 | Entered Level 1 of the Depths
 69584 | Depths:1 | Received a gift from Trog
 70243 | Depths:1 | Found a one-way gate leading to the halls of Pandemonium.
 70467 | Depths:1 | Received a gift from Trog
 70469 | Depths:1 | Got an ancient turquoise ring
 70470 | Depths:1 | Identified the ring of Xom's Flight of Fancy {rF+ rC- rN+ Str+4 Int+6} (You found it on level 1 of the Depths)
 70471 | Depths:1 | Identified the ring of Uppuo {rPois rF+ Int+3 Dex+2} (You took it off a deep elf annihilator on level 3 of the Elven Halls)
 70480 | Depths:1 | Noticed a caustic shrike
 70491 | Depths:1 | Killed a caustic shrike
 70622 | Depths:1 | Found a one-way gate to the infinite horrors of the Abyss.
 70642 | Depths:1 | Received a gift from Trog
 70846 | Depths:1 | Reached skill level 19 in Fighting
 71301 | Depths:1 | Found a gateway to Hell.
 71583 | Depths:2 | Received a gift from Trog
 71640 | Depths:2 | Reached skill level 13 in Dodging
 71780 | Depths:2 | Noticed a greater mummy
 71798 | Depths:2 | Killed a greater mummy
 72241 | Depths:2 | Noticed a greater mummy
 72258 | Depths:2 | Killed a greater mummy
 72260 | Depths:2 | Noticed a greater mummy
 72261 | Depths:2 | Found the +7 sceptre of Torment
 72281 | Depths:2 | Killed a greater mummy
 72372 | Depths:2 | Reached XP level 24. HP: 141/202 MP: 23/23
 72384 | Depths:2 | HP: 93/202 [frost giant/bolt of cold (13)]
 72390 | Depths:2 | HP: 78/202 [frost giant/battleaxe of freezing (12)]
 72403 | Depths:2 | HP: 81/202 [hell knight/war axe of pain (11)]
 72412 | Depths:2 | HP: 70/202 [ettin/dire flail (20)]
 72796 | Depths:2 | Paralysed by a floating eye for 2 turns
 72960 | Depths:3 | Reached skill level 18 in Armour
 72983 | Depths:3 | Found a magical portal.
 73097 | WizLab   | Entered Lehudib's Moon Base
 73696 | WizLab   | Received a gift from Trog
 74486 | WizLab   | Reached skill level 20 in Fighting
 74495 | WizLab   | Found a transporter.
 74758 | WizLab   | Reached skill level 14 in Dodging
 74882 | WizLab   | Found a transporter.
 74890 | WizLab   | Identified the cursed +0 plate armour of Forking Paths {*Corrode +Fly Str+2, 18} (You found it in a wizard's laboratory)
 75116 | Depths:3 | HP: 91/204 [spark wasp (12)]
 75131 | Depths:3 | HP: 58/204 [spark wasp (15)]
 75139 | Depths:3 | HP: 40/204 [two-headed ogre/giant club (4)]
 75144 | Depths:3 | HP: 27/204 [fire dragon (1)]
 75163 | Depths:3 | HP: 48/204 [hell knight/long sword (5)]
 75906 | Depths:3 | Received a gift from Trog
 77053 | Depths:4 | Found a gateway to a ziggurat.
 77144 | Depths:4 | Noticed a juggernaut
 77165 | Depths:4 | Killed a juggernaut
 77165 | Depths:4 | Reached XP level 25. HP: 130/212 MP: 16/23
 77547 | Depths:4 | HP: 106/212 [iron troll (11)]
 77552 | Depths:4 | HP: 99/212 [two-headed ogre/giant club (12)]
 77558 | Depths:4 | HP: 101/213 [ogre mage/spear of venom (2)]
 77562 | Depths:4 | Reached skill level 19 in Armour
 77878 | Depths:4 | Reached skill level 15 in Dodging
 78226 | D:5      | Bought 3 scrolls of enchant armour for 247 gold pieces
 78482 | Elf:2    | Bought a scroll of immolation for 35 gold pieces
 78482 | Elf:2    | Bought a scroll of teleportation for 30 gold pieces
 78649 | D:12     | Bought a phantom mirror for 330 gold pieces
 78649 | D:12     | Bought a wand of acid (6) for 220 gold pieces
 78649 | D:12     | Bought a phantom mirror for 330 gold pieces
 78950 | Depths:4 | Got a faintly glowing lapis lazuli ring
 79042 | Depths:4 | Reached skill level 21 in Fighting
 79049 | Depths:4 | Received a gift from Trog
 79089 | Depths:4 | Found Uregroi's Jewellery Boutique.
 79091 | Depths:4 | Found Sastob's Gadget Emporium.
 79092 | Depths:4 | Found Oshizuf's Jewellery Boutique.
 79262 | Depths:5 | Entered Level 5 of the Depths
 80107 | Depths:5 | Found a gate to the Realm of Zot.
 80181 | Depths:5 | Identified the cursed ring "Weca" {MR+ Int-3} (You took it off a yaktaur captain on level 4 of the Depths)
 80479 | Vaults:5 | Entered Level 5 of the Vaults
 80673 | Vaults:5 | Found Zugocom's Magic Scroll Boutique.
 80698 | Vaults:5 | HP: 108/216 [tentacled monstrosity (6)]
 80703 | Vaults:5 | HP: 72/216 [cloud of flame (4)]
 80723 | Vaults:5 | HP: 98/216 [tentacled monstrosity (2)]
 80728 | Vaults:5 | HP: 92/216 [tentacled monstrosity/exploding inner flame[the player character] (6)]
 80760 | Vaults:5 | HP: 102/216 [deep elf annihilator/crystal spear (28)]
 80766 | Vaults:5 | HP: 107/216 [ice dragon/blast of cold (1)]
 80843 | Vaults:5 | HP: 95/216 [storm dragon/bolt of lightning (17)]
 80848 | Vaults:5 | HP: 67/216 [tengu reaver/bolt of lightning (33)]
 81183 | Vaults:5 | Reached skill level 22 in Fighting
 81191 | Vaults:5 | Reached skill level 20 in Armour
 81550 | Vaults:5 | Received a gift from Trog
 81594 | Vaults:5 | Found Kuonne Nuem's Food Boutique.
 81600 | Vaults:5 | Gained mutation: You are strongly in touch with the powers of death. [Mummy growth]
 81600 | Vaults:5 | Reached XP level 26. HP: 182/226 MP: 18/23
 81719 | Vaults:5 | Found Azub's Food Shoppe.
 81763 | Vaults:5 | Bought a scroll of acquirement for 988 gold pieces
 81763 | Vaults:5 | Bought a scroll of enchant armour for 142 gold pieces
 81763 | Vaults:5 | Bought a scroll of enchant armour for 142 gold pieces
 81763 | Vaults:5 | Bought a scroll of enchant weapon for 142 gold pieces
 81763 | Vaults:5 | Bought a scroll of fear for 66 gold pieces
 81764 | Vaults:5 | Identified the ring of Zymeen {rF- rN+ EV+2 Dex+5} (You acquired it on level 5 of the Vaults)
 81867 | Vaults:5 | Received a gift from Trog
 82112 | Vaults:5 | Found Exzuif's Book Shoppe.
 82134 | Vaults:5 | HP: 107/227 [titan/bolt of lightning (16)]
 82140 | Vaults:5 | HP: 84/227 [titan (32)]
 82148 | Vaults:5 | HP: 93/227 [ghostly ettin/dire flail (6)]
 82151 | Vaults:5 | Reached skill level 23 in Fighting
 82155 | Vaults:5 | HP: 73/228 [something (12)]
 82470 | Vaults:5 | Got a silver rune of Zot
 82618 | Vaults:5 | Found Afupp's Gadget Shop.
 82643 | Vaults:5 | HP: 112/229 [tengu reaver/battleaxe of electrocution (18)]
 82735 | Vaults:5 | Found Mouzahov's Magic Scroll Shoppe.
 82739 | Vaults:5 | Found Mixkoimp's Distillery.
 82743 | Vaults:5 | Bought a scroll of fog for 44 gold pieces
 82743 | Vaults:5 | Bought a scroll of fear for 77 gold pieces
 82743 | Vaults:5 | Bought a scroll of enchant weapon for 165 gold pieces
 82767 | Vaults:5 | Found Etzamoc's Jewellery Shop.
 83197 | Vaults:5 | Bought a Young Poisoner's Handbook for 840 gold pieces
 83197 | Vaults:5 | Bought a book of Necromancy for 630 gold pieces
 83197 | Vaults:5 | Bought a book of Changes for 525 gold pieces
 83197 | Vaults:5 | Bought a book of Cantrips for 420 gold pieces
 83197 | Vaults:5 | Bought a book of Geomancy for 735 gold pieces
 83394 | Depths:1 | Voluntarily entered the Abyss.
 83583 | Abyss:1  | Received a gift from Trog
 83584 | Abyss:1  | Reached skill level 24 in Fighting
 84738 | Abyss:3  | Received a gift from Trog
 84786 | Abyss:3  | Found an opulent altar of Gozag.
 84879 | Abyss:3  | Reached skill level 25 in Fighting
 84939 | Abyss:3  | Reached skill level 1 in Evocations
 85032 | Abyss:3  | Reached skill level 2 in Evocations
 85083 | Abyss:3  | Reached skill level 3 in Evocations
 85131 | Abyss:3  | Found an opulent altar of Gozag.
 85150 | Abyss:3  | Reached XP level 27. HP: 198/242 MP: 21/25
 85156 | Abyss:3  | Reached skill level 4 in Evocations
 85262 | Abyss:3  | Received a gift from Trog
 85280 | Abyss:3  | Reached skill level 5 in Evocations
 85673 | Abyss:3  | Reached skill level 6 in Evocations
 86107 | Abyss:3  | HP: 117/242 [starcursed mass/accursed screaming (7)]
 86153 | Abyss:3  | HP: 104/242 [hellion/damnation (19)]
 86230 | Abyss:3  | Reached skill level 7 in Evocations
 86232 | Abyss:3  | Received a gift from Trog
 86348 | Abyss:3  | Reached skill level 16 in Dodging
 86462 | Abyss:3  | Got an abyssal rune of Zot
 86484 | Abyss:3  | Reached skill level 8 in Evocations
 86538 | Abyss:3  | Paralysed by you for 7 turns
 86638 | Abyss:3  | Received a gift from Trog
 86676 | Depths:1 | Escaped the Abyss
 86946 | Slime:1  | Entered Level 1 of the Pits of Slime
 87164 | Slime:5  | Entered Level 5 of the Pits of Slime
 87176 | Slime:5  | Reached skill level 9 in Evocations
 87414 | Slime:5  | Noticed the Royal Jelly
 87438 | Slime:5  | HP: 109/242 [slime creature/exploding inner flame[the player character] (13)]
 87445 | Slime:5  | Killed the Royal Jelly
 87445 | Slime:5  | HP: 100/242 [acid blob/splash of acid (1)]
 87450 | Slime:5  | HP: 95/242 [acid[the Royal Jelly] (4)]
 87455 | Slime:5  | HP: 92/242 [acid (2)]
 87455 | Slime:5  | Paralysed by a floating eye for 4 turns
 87456 | Slime:5  | HP: 30/242 [iron troll[the player character] (20)]
 87457 | Slime:5  | HP: 14/242 [acid[the Royal Jelly] (4)]
 87457 | Slime:5  | HP: 3/242 [acid blob (11)]
 87457 | Slime:5  | HP: 1/242 [acid (2)]
 87457 | Slime:5  | Demolished by an iron troll

Vanquished Creatures
  the Royal Jelly (Slime:5)
  Mara (Snake:4)
  A juggernaut (Depths:4)
  3 greater mummies (Depths:2)
  Margery (Vaults:4)
  2 caustic shrikes
  6 golden dragons
  A profane servitor (Abyss:3)
  4 bone dragons
  7 liches
  4 tentacled monstrosities
  A deep elf master archer (Elf:3)
  A Hell Sentinel (Abyss:3)
  3 quicksilver dragons (WizLab)
  A moon troll (WizLab)
  4 titans (Vaults:5)
  5 deep elf blademasters
  An Executioner (Abyss:3)
  An ancient champion (Crypt:2)
  10 acid blobs
  6 sphinxes
  24 tentacled starspawn
  11 tengu reavers
  3 shadow dragons
  3 revenants
  6 nagarajas (Snake:4)
  Donald (Snake:3)
  2 daevas
  A draconian monk (Depths:5)
  15 azure jellies
  7 fire giants
  2 storm dragons
  The ghost of Regeox the Fighter, a journeyman HOFi of Okawaru (Snake:1)
  Ilsuiw (Shoals:4)
  6 frost giants
  7 deep elf sorcerers
  The ghost of arkorax the Fighter, a journeyman GnWn of Makhleb (Snake:1)
  5 ghouls
  3 orc warlords
  23 vault wardens
  5 iron dragons
  A cacodemon (WizLab)
  6 deep elf elementalists
  Louise (Elf:3)
  A balrug (Abyss:2)
  3 curse skulls
  A spriggan defender (Depths:4)
  A juggernaut skeleton (Crypt:1)
  36 very ugly things
  A draconian annihilator (Depths:5)
  21 ironheart preservers
  4 entropy weavers
  17 vampire knights
  4 reapers
  3 war gargoyles (Vaults:5)
  12 stone giants
  A black draconian (Depths:5)
  A green draconian (Depths:5)
  14 deep elf annihilators
  7 deep elf demonologists
  2 yellow draconians (Depths:5)
  A purple draconian (Depths:5)
  A red draconian (Depths:5)
  4 spark wasps (Depths:3)
  A blizzard demon (Depths:3)
  3 merfolk javelineers
  2 white draconians
  5 death oozes (Slime:5)
  20 ettins
  An eidolon (Crypt:3)
  The ghost of Azzok the Fighter, a journeyman MiFi of Okawaru (D:11)
  16 jiangshi
  3 mummy priests
  An ettin (shapeshifter) (Depths:1)
  11 deep elf death magi
  A crystal guardian (Abyss:2)
  5 deep elf high priests
  11 yaktaur captains
  Snorg (Orc:1)
  5 merfolk impalers
  12 fire dragons
  3 quicksilver dragon zombies
  A hell beast (Depths:3)
  6 rakshasas
  15 great orbs of eyes
  8 hydras
  12 ice dragons
  35 vault guards
  2 catoblepae
  15 naga warriors
  3 death knights
  14 centaur warriors
  8 vampire magi
  7 anacondas
  An alligator snapping turtle (Shoals:4)
  A queen ant (shapeshifter) (Vaults:5)
  5 merfolk avatars
  7 deep troll shamans
  A satyr (Shoals:2)
  53 two-headed ogres
  7 merfolk aquamancers
  19 ogre magi
  35 small abominations
  4 tengu warriors
  2 death yaks (Shoals:3)
  A titan zombie (Crypt:3)
  16 dancing weapons
  Nergalle (D:10)
  10 naga sharpshooters
  8 deep troll earth magi
  18 thrashing horrors
  2 sun demons (Depths:3)
  5 shock serpents
  Urug (D:12)
  4 orc high priests (Orc:2)
  3 spriggan berserkers
  A soul eater (Depths:3)
  26 deep elf knights
  19 wretched stars
  A salamander mystic (Depths:3)
  A spriggan (Depths:2)
  2 storm dragon zombies
  18 hell knights
  11 sea snakes
  4 sixfirhies
  32 skeletal warriors
  3 shadow wraiths
  10 glowing orange brains
  An iron troll (Depths:4)
  2 anaconda zombies
  5 spatial maelstroms
  5 unseen horrors
  A deep troll (shapeshifter) (Vaults:5)
  A gelid demonspawn (Depths:1)
  An orange crystal statue (WizLab)
  An infernal demonspawn (Depths:3)
  A ghost moth zombie (Crypt:3)
  Pikel (D:6)
  9 flayed ghosts
  6 naga ritualists
  5 wizards
  22 deep trolls
  A lindwurm (shapeshifter) (Depths:2)
  A lindwurm (Lair:6)
  17 ironbrand convokers
  3 shadow dragon zombies
  3 wolf spider zombies
  28 phantasmal warriors
  A golden dragon skeleton (Crypt:3)
  A mana viper (shapeshifter) (Depths:3)
  14 necromancers
  16 deep elf archers
  8 harpies
  A harpy (shapeshifter) (Vaults:1)
  15 orc knights
  An orb spider (shapeshifter) (Abyss:3)
  8 mana vipers
  5 frost giant zombies
  5 orc sorcerers
  An orb spider (Abyss:2)
  9 wolf spiders
  64 deep elf magi
  43 ugly things
  A shining eye (shapeshifter) (Depths:5)
  A wolf spider (shapeshifter) (Vaults:5)
  4 salamanders
  19 manticores
  2 manticores (shapeshifter)
  A faun (shapeshifter) (Vaults:5)
  3 shining eyes
  2 worldbinders
  15 fauns
  A stone giant skeleton (Crypt:2)
  A frost giant skeleton (Crypt:2)
  15 cyclopes
  A shock serpent zombie (Crypt:1)
  7 merfolk sirens
  2 dire elephant zombies
  An elephant (Lair:4)
  6 guardian serpents
  28 naga magi
  32 black mambas
  A rust devil (Depths:3)
  15 vault sentinels
  10 water nymphs
  14 smoke demons
  Psyche (D:8)
  A black mamba (shapeshifter) (D:14)
  The ghost of zero the Covert, a novice SpEn (D:6)
  2 gargoyles (D:11)
  5 orange demons
  2 apocalypse crabs (Abyss:3)
  A spiny frog (shapeshifter) (Vaults:3)
  11 eyes of devastation
  A black draconian zombie (Crypt:2)
  13 spiny frogs
  A rime drake (Lair:2)
  A komodo dragon (shapeshifter) (Abyss:3)
  A catoblepas zombie (Abyss:3)
  2 hellions (Abyss:3)
  A red draconian zombie (Crypt:3)
  37 yaktaurs
  A kobold demonologist (Abyss:3)
  2 efreet
  2 ice devils
  5 komodo dragons
  A yaktaur (shapeshifter) (Elf:1)
  10 freezing wraiths
  2 tormentors
  6 guardian mummies (Crypt:3)
  A queen bee (shapeshifter) (Vaults:1)
  3 red devils
  2 tengu conjurers (Depths:1)
  13 ancient zymes
  5 hellwings
  A yellow draconian skeleton (Crypt:2)
  33 merfolk
  15 trolls
  A harpy skeleton (Crypt:2)
  A harpy zombie (Crypt:1)
  4 jumping spiders
  3 meliai (D:14)
  A jumping spider (shapeshifter) (Vaults:5)
  4 wind drakes
  11 polar bears
  2 silent spectres (Abyss:3)
  13 hippogriffs
  A jumping spider zombie (Crypt:3)
  Grinder (D:4)
  2 hydra skeletons
  7 hornets
  4 ettin zombies
  50 slime creatures
  A bog body (Crypt:2)
  48 raiju
  7 blink frogs
  9 dream sheep
  10 snapping turtles
  A meliai zombie (Crypt:3)
  A stone giant simulacrum (Vaults:2)
  2 dire elephant simulacra (Crypt:2)
  7 redbacks
  An alligator skeleton (Crypt:3)
  9 flying skulls
  A tarantella (Vaults:4)
  2 shadows
  57 starcursed masses
  Sigmund (D:5)
  2 spriggans (shapeshifter)
  2 wyverns
  12 wraiths
  4 air elementals (Elf:3)
  A tyrant leech zombie (Crypt:2)
  A wyvern (shapeshifter) (Vaults:5)
  13 water elementals
  27 yaks
  A vampire (D:9)
  10 ynoxinuls
  4 fire elementals (Elf:1)
  2 humans (shapeshifter)
  An ettin skeleton (Crypt:3)
  6 fire bats
  Eustachio (D:6)
  2 golden eyes (Abyss:3)
  2 basilisks
  A golden eye (shapeshifter) (Vaults:1)
  3 hungry ghosts
  7 vampire mosquitoes
  16 chaos spawn
  12 neqoxecs
  Menkaure (D:5)
  10 insubstantial wisps (Abyss:3)
  18 wargs
  6 spatial vortices (Abyss:3)
  49 large abominations
  39 nagas
  An acid dragon (Vaults:2)
  3 spiny frog zombies
  A tengu zombie (Depths:1)
  15 hell hounds
  13 water moccasins
  3 floating eyes
  2 deep troll zombies
  A hydra simulacrum (Abyss:1)
  34 orc warriors
  8 porcupines
  A manticore zombie (Crypt:3)
  A dream sheep zombie (Crypt:2)
  2 spiny frog skeletons
  4 sky beasts
  11 black bears
  45 ogres
  3 phantoms
  5 eyes of draining
  A necrophage (Crypt:3)
  A snapping turtle zombie (Abyss:3)
  4 boggarts (Depths:1)
  5 ice beasts
  A swamp dragon skeleton (Crypt:2)
  29 wolves
  33 centaurs
  13 crocodiles
  A big kobold (D:11)
  5 earth elementals
  An elf zombie (Ossuary)
  A gnoll sergeant (D:9)
  Blork the orc (D:4)
  13 bullfrogs
  A wyvern zombie (D:6)
  2 water moccasin zombies
  2 scorpions
  A snapping turtle simulacrum (Crypt:1)
  8 wights
  5 howler monkeys
  6 electric eels
  7 crimson imps
  A spriggan skeleton (Crypt:2)
  4 quasits
  3 bullfrog zombies
  2 centaur zombies
  A wolf skeleton (Crypt:3)
  36 orc priests
  A gnoll shaman (D:5)
  8 hounds
  A human zombie (Ossuary)
  2 bullfrog skeletons
  12 centaur skeletons
  8 iron imps
  23 orc wizards
  6 iguanas
  11 worker ants
  2 big kobold zombies (Ossuary)
  A felid skeleton (Crypt:3)
  A hound skeleton (D:6)
  2 mummies (Ossuary)
  A howler monkey zombie (D:6)
  A worker ant zombie (D:10)
  14 gnolls
  2 river rats (D:4)
  A swamp drake zombie (Crypt:1)
  8 adders
  4 shadow imps
  6 white imps
  6 ufetubi
  2 oozes (D:4)
  An adder zombie (D:3)
  5 worms
  5 dart slugs
  8 leopard geckos
  136 orcs
  5 giant cockroaches
  11 goblins
  10 hobgoblins
  14 jackals
  5 quokkas
  2 ball pythons
  A ball python zombie (Crypt:1)
  6 bats
  A frilled lizard (D:1)
  3 goblin zombies (Ossuary)
  A hobgoblin skeleton (Crypt:3)
  7 hobgoblin zombies (Ossuary)
  2 jackal zombies (Ossuary)
  10 kobolds
  11 kobold zombies (Ossuary)
  2 leopard gecko skeletons (D:4)
  An orc skeleton (Crypt:1)
  8 orc zombies (Ossuary)
  A quokka skeleton (D:7)
  A quokka zombie (D:5)
  10 rats
  3 crawling corpses (Elf:3)
  2 fungi (Elf:2)
  3 lurking horrors
  6 plants
  31 starspawn tentacles
2856 creatures vanquished.

Vanquished Creatures (collateral kills)
  Sojobo (Crypt:3)
  Rupert (D:15)
  A titan (Vaults:5)
  3 acid blobs (Slime:5)
  Polyphemus (Shoals:3)
  2 tengu reavers (Crypt:3)
  A frost giant (Depths:2)
  The ghost of ThereIsNoGod the Grappler, a journeyman TrMo of Cheibriados (Orc:2)
  An ironheart preserver (Vaults:5)
  A stone giant (Depths:2)
  3 vampire knights (Crypt:3)
  A spark wasp (Depths:3)
  A merfolk javelineer (Shoals:4)
  A jiangshi (Crypt:3)
  4 merfolk impalers
  An ettin (D:13)
  A naga warrior (Snake:1)
  A vault guard (Vaults:4)
  Erica (Lair:2)
  A death knight (Vaults:4)
  An alligator snapping turtle (Shoals:2)
  4 orc high priests (Orc:2)
  A two-headed ogre (D:8)
  A death yak (Shoals:3)
  3 merfolk aquamancers
  A naga sharpshooter (Snake:1)
  4 dancing weapons (Elf:2)
  A deep elf knight (Elf:2)
  A hell knight (Depths:2)
  4 skeletal warriors (Crypt:3)
  A deep troll (Vaults:5)
  2 phantasmal warriors (Crypt:3)
  3 deep elf magi
  An ugly thing (Depths:3)
  A cyclops (D:13)
  2 manticores
  A naga mage (Snake:1)
  A water nymph (Shoals:3)
  A centaur skeleton (D:14)
  An efreet (D:13)
  A yaktaur (D:14)
  A wind drake (Shoals:3)
  6 merfolk
  A polar bear (Lair:6)
  A fire dragon zombie (Crypt:3)
  2 wraiths (Crypt:3)
  3 water elementals
  A warg (Orc:2)
  2 black bears (Lair:6)
  5 starcursed masses (Abyss:3)
  An ogre (Orc:2)
  2 orc priests (Orc:2)
  An orc wizard (Vaults:1)
  A gnoll (D:8)
  5 orcs (Orc:2)
  A starspawn tentacle (Abyss:3)
97 creatures vanquished.

Vanquished Creatures (others)
  A deep elf master archer (Elf:3)
  Aizul (Elf:2)
  2 stone giants
  A merfolk javelineer (Shoals:2)
  2 yaktaur captains
  A naga warrior (Snake:4)
  A centaur warrior (Vaults:3)
  An ogre mage (D:14)
  A two-headed ogre (Vaults:3)
  A naga sharpshooter (Snake:4)
  2 deep elf knights (Elf:2)
  An unseen horror (D:13)
  A deep elf archer (Elf:2)
  A wizard (D:14)
  2 cyclopes
  3 deep elf magi
  A manticore (Shoals:2)
  6 yaktaurs
  A snapping turtle (Shoals:2)
  A shadow (Abyss:3)
  A spatial vortex (Abyss:2)
  3 centaurs
  2 small abominations
  41 bushes
  7 demonic plants (Abyss:3)
  3 fungi (Lair:4)
  2 lurking horrors
  23 plants
  43 starspawn tentacles
156 creatures vanquished.

Grand Total: 3109 creatures vanquished

Table legend:
 A = Turns spent in this place as a percentage of turns spent in the entire game.
 B = Non-inter-level travel turns spent in this place as a percentage of non-inter-level travel turns spent in the entire game.
 C = Inter-level travel turns spent in this place as a percentage of turns spent in this place.
 D = Turns resting spent in this place as a percentage of non-inter-level travel turns spent in this place.
 E = Turns spent auto-exploring this place as a percentage of non-inter-level travel turns spent in this place.
 F = Non-inter-level travel turns spent in this place divided by the number of levels of this place that you've seen.
                   A       B       C       D       E      F
               +-------+-------+-------+-------+-------+----------------------
         Total | 100.0 | 100.0 |   9.0 |  37.9 |  38.0 | 1371.7
       Dungeon |  27.1 |  25.7 |  13.9 |  40.2 |  39.2 | 1360.9
          Lair |  11.8 |  11.5 |  11.7 |  42.7 |  45.1 | 1523.7
        Shoals |   6.5 |   6.5 |   8.9 |  44.9 |  31.5 | 1296.8
     Snake Pit |   9.8 |  10.3 |   4.6 |  42.6 |  39.2 | 2046.8
    Slime Pits |   0.6 |   0.6 |   0.0 |  44.2 |   3.7 | 102.2
  Orcish Mines |   4.0 |   3.8 |  12.1 |  44.9 |  30.3 | 1528.0
   Elven Halls |   6.8 |   6.5 |  12.7 |  35.7 |  37.3 | 1721.0
        Vaults |  13.0 |  13.5 |   5.6 |  35.2 |  36.7 | 2142.2
         Crypt |   4.7 |   5.0 |   3.4 |  34.1 |  37.4 | 1323.0
        Depths |   9.1 |   9.3 |   6.7 |  33.0 |  41.2 | 1486.6
         Abyss |   3.8 |   4.1 |   0.0 |   3.3 |  36.3 | 1094.0
         Sewer |   0.3 |   0.3 |   0.0 |  50.0 |  25.4 | 252.0
       Ossuary |   0.4 |   0.4 |   0.0 |  32.7 |  29.4 | 327.0
        Wizlab |   2.2 |   2.4 |   0.0 |  46.6 |  28.2 | 1925.0
               +-------+-------+-------+-------+-------+----------------------
